 Dungeon Crawl Stone Soup version 0.19-a0-1704-gbd66c22 (webtiles) character file.

845 Ijustatesigmund the Covert (level 7, 0/33 HPs)
             Began as a Spriggan Hunter on Sept 27, 2016.
             Succumbed to an orc wizard's poison
             ... on level 5 of the Dungeon.
             The game lasted 00:15:01 (6920 turns).

Ijustatesigmund the Covert (Spriggan Hunter)        Turns: 6920, Time: 00:15:02

Health: 0/33       AC:  5    Str:  8    XL:     7   Next: 68%
Magic:  8/8        EV: 18    Int: 14    God:
Gold:   172        SH:  0    Dex: 17    Spells: 0 memorised, 6 levels left

rFire  . . .     SeeInvis +     l - +2 short sword (freeze)
rCold  . . .     Gourm    .     b - +0 robe
rNeg   . . .     Faith    .     (shield restricted)
rPois  .         Spirit   .     (helmet restricted)
rElec  .         Dismiss  .     i - +1 cloak
rCorr  .         Reflect  .     (gloves unavailable)
MR     +....     Harm     .     (boots unavailable)
Stlth  +++++.....               (no amulet)
                                (no ring)
                                (no ring)

@: lethally poisoned (0 -> -14), very quick
A: unfitting armour, see invisible, herbivore 3, speed 3, slow metabolism 2
a: no special abilities


You were on level 5 of the Dungeon.
You were not hungry.

You visited 1 branch of the dungeon, and saw 5 of its levels.

You collected 172 gold pieces.

Inventory:

Hand Weapons
 a - a +0 short sword
 l - a +2 short sword of freezing (weapon)
Missiles
 c - 8 tomahawks (quivered)
 h - 38 poisoned needles
Armour
 b - a +0 robe (worn)
 i - a +1 cloak (worn)
Jewellery
 m - an uncursed ring of ice
Scrolls
 k - 3 scrolls of remove curse
 p - a scroll of teleportation
 q - a scroll of amnesia
Potions
 g - a potion of invisibility
 j - 2 potions of mutation
 n - a potion of degeneration
 r - a potion of agility
Books
 e - a Young Poisoner's Handbook

   Spells                             Type                      Level
   a - Sting                          Conjuration/Poison           1
   b - Mephitic Cloud                 Conjuration/Poison/Air       3
   c - Olgreb's Toxic Radiance        Poison                       4
   d - Alistair's Intoxication        Transmutation/Poison         5
   e - Venom Bolt                     Conjuration/Poison           5
Comestibles
 f - 2 bread rations


   Skills:
 - Level 1.5 Fighting
 + Level 6.6 Short Blades
 - Level 4.0 Throwing
 - Level 3.0 Dodging
 + Level 9.5 Stealth


You had 6 spell levels left.
You didn't know any spells.

Dungeon Overview and Level Annotations

Branches:
Dungeon (5/15)
 Temple: D:4-7

Altars:
Fedhas
Ru


Innate Abilities, Weirdness & Mutations

You are very small and have problems with some larger weapons.
You are too small for most types of armour.
You have supernaturally acute eyesight. (SInv)
You are a herbivore.
You cover ground extremely quickly.
You need consume almost no food.


Message History

* * * LOW HITPOINT WARNING * * *
The orc hits you.
* * * LOW HITPOINT WARNING * * *
As you read the scroll of fear, it crumbles to dust.
You assume a fearsome visage.
The crimson imp is unaffected.
The orc wizard looks frightened!
The orc looks frightened! x2
* * * LOW HITPOINT WARNING * * *
You feel sick.
The orc wizard mumbles some strange words.
The orc wizard flickers and vanishes for a moment.
The crimson imp blinks!
Okay, then.
An orc priest comes into view. It is wielding a mace.
* * * LOW HITPOINT WARNING * * *
You feel sick.
You hit the crimson imp. You freeze the crimson imp.
The crimson imp is lightly wounded.
* * * LOW HITPOINT WARNING * * *
You feel sick. The crimson imp closely misses you.
You die...

#######.#.##.####.#
###...##<.....#
#).(........###
#)##.o##.##.#
#.##..##.# #
#.##..##.#
#.##†.##.#
#.##.5##.#
######.##..@#.#
........†o.....#
####....##...o.#
..o.>...o..#..#
###..........##
#..#.####.## #..#..
.. #..### .## #. .#


You could see an orc priest, an orc wizard (fleeing), a crimson imp and 2 orcs.

Vanquished Creatures
  A phantom (D:4)
  An ogre (D:4)
  2 scorpions (D:4)
  2 orc priests (D:4)
  5 orc wizards
  A bullfrog skeleton (D:4)
  A centaur skeleton (D:4)
  Natasha (thrice) (D:4)
  A worker ant (D:5)
  A hound skeleton (D:4)
  6 adders
  7 gnolls
  An adder skeleton (D:4)
  2 worms
  A dart slug (D:3)
  2 leopard geckos
  12 orcs
  5 giant cockroaches
  8 goblins
  3 hobgoblins
  2 jackals (D:2)
  A quokka (D:3)
  3 bats (D:2)
  6 frilled lizards
  7 kobolds
  5 rats
89 creatures vanquished.

Notes
Turn   | Place    | Note
-------+----------+-------------------------------------------
     0 | D:1      | Ijustatesigmund the Spriggan Hunter began the quest for the Orb.
     0 | D:1      | Reached XP level 1. HP: 10/10 MP: 2/2
    21 | D:1      | Reached skill level 2 in Stealth
   267 | D:1      | Reached skill level 1 in Short Blades
   303 | D:1      | Reached XP level 2. HP: 14/14 MP: 3/3
   399 | D:1      | Reached skill level 3 in Stealth
   648 | D:2      | Reached XP level 3. HP: 17/18 MP: 4/4
  1090 | D:2      | Reached skill level 4 in Stealth
  2129 | D:2      | Reached XP level 4. HP: 22/22 MP: 5/5
  2798 | D:3      | Found a blossoming altar of Fedhas.
  2846 | D:3      | Reached skill level 5 in Stealth
  3139 | D:3      | Reached XP level 5. HP: 9/25 MP: 6/6
  3505 | D:4      | Reached skill level 6 in Stealth
  3664 | D:4      | Noticed Natasha
  3683 | D:4      | Killed Natasha
  3963 | D:4      | Reached XP level 6. HP: 30/30 MP: 7/7
  4090 | D:4      | Reached skill level 7 in Stealth
  4134 | D:4      | Noticed Natasha
  4412 | D:4      | Reached skill level 5 in Short Blades
  4460 | D:4      | Killed Natasha
  4541 | D:4      | Reached skill level 8 in Stealth
  4550 | D:4      | Reached XP level 7. HP: 21/33 MP: 8/8
  4698 | D:5      | Entered Level 5 of the Dungeon
  4946 | D:4      | Found a sacrificial altar of Ru.
  5665 | D:4      | Noticed Natasha
  5675 | D:4      | Killed Natasha
  5976 | D:4      | Reached skill level 9 in Stealth
  6919 | D:5      | HP: 1/33 [poisoned by an orc wizard]
  6920 | D:5      | Succumbed to an orc wizard's poison

Vault maps used:
D:1:      matt_arrival_grand_opening
D:2:      kennysheep_small_spiral, kennysheep_generic_room_11
D:3:      first_bread, corexii_hall_statues_i, fedhas_altar_1
D:4:      amethyst_killhole, nicolae_ru_path_of_blood, uniq_natasha
D:5:      dk_vineyard_2

Skill      XL: |  1  2  3  4  5  6  7 |
---------------+----------------------+-----
Stealth        | 2 3 4 5 6 8 9 |  9.5
Short Blades   | 1 2 3 4 5 6 |  6.6
Fighting       | |  1.5
Throwing       | |  4.0
Dodging        | |  3.0

Action                   |  1- 3 |  4- 6 |  7- 9 || total
-------------------------+-------+-------+-------++-------
Melee: Short sword       |   175 |   137 |   148 ||   460
Throw: Tomahawk          |     5 |    31 |     8 ||    44
       Throwing net      |       |     2 |       ||     2
  Use: Scroll            |     7 |     2 |     6 ||    15
       Potion            |     1 |     1 |     1 ||     3
 Stab: Sleeping          |     5 |     5 |     1 ||    11
       Distracted        |     2 |     2 |       ||     4
  Eat: Fruit             |       |     1 |     1 ||     2
       Bread ration      |       |       |     1 ||     1
Armor: Robe              |    27 |     9 |    16 ||    52
Dodge: Dodged            |   146 |    96 |   109 ||   351
